 Seeded DCSS version 0.27-a0-1193-g8631133539 (webtiles) character file.

Game seed: 13914059042498094423 (custom seed)

63 karrick the Sneak (level 3, -2/24 HPs)
             Began as a Vampire Enchanter on May 27, 2021.
             Slain by an adder (5 damage)
             ... on level 3 of the Dungeon.
             The game lasted 00:03:23 (1713 turns).

karrick the Sneak (Vampire Enchanter)               Turns: 1713, Time: 00:03:24

Health: -2/24      AC:  2    Str:  8    XL:     3   Next: 89%
Magic:  5/6        EV: 12    Int: 17    God:
Gold:   77         SH:  0    Dex: 14    Spells: 5/6 levels left

rFire    . . .     SeeInvis +   c - +1 dagger (freeze)
rCold    . . .     Faith    .   (no shield)
rNeg     . . .     Spirit   .   b - +0 robe
rPois    .         Reflect  .   (no helmet)
rElec    .         Harm     .   (no cloak)
rCorr    .         Rampage  .   (no gloves)
Will     .....                  (no boots)
Stlth    +++.......             (no amulet)
HPRegen  0.28/turn              (no ring)
MPRegen  0.10/turn              (no ring)

@: healing quickly
A: alive, fangs 3, see invisible, vampiric 2
a: Exsanguinate


You were on level 3 of the Dungeon.
You visited 1 branch of the dungeon, and saw 3 of its levels.

You collected 77 gold pieces.

Inventory:

Hand Weapons
 c - a +1 dagger of freezing (weapon)
Armour
 b - a +0 robe (worn)
Scrolls
 e - 3 scrolls of teleportation {unknown}
 g - a scroll of fear {unknown}
Potions
 a - a potion of curing {unknown}
 d - a potion of attraction {unknown}
 f - a potion of mutation {unknown}
 h - a potion of cancellation {unknown}
 i - a potion of magic {unknown}


   Skills:
 + Level 1.3 Short Blades
 + Level 2.4 Dodging
 * Level 6.0 Stealth
 + Level 2.1 Spellcasting
 * Level 5.4 Hexes


You had 5 spell levels left.
You knew the following spells:

 Your Spells              Type           Power      Damage    Failure   Level
a - Corona                Hex            22%        N/A       1%          1

Your spell library contained the following spells:

 Spells                   Type           Power      Damage    Failure   Level
 Confusing Touch          Hex            20%        N/A       6%          3
 Tukima's Dance           Hex            20%        N/A       6%          3
 Ensorcelled Hibernation  Hex/Ice        22%        N/A       10%         2
 Magic Dart               Conj           4%         1d3       19%         1
 Dazzling Flash           Conj/Hex       22%        N/A       19%         3
 Searing Ray              Conj           2%         3d3       28%         2
 Gell's Gravitas          Tloc           0%         N/A       50%         3
 Fulminant Prism          Conj/Hex       5%         3d7       52%         4
 Metabolic Englaciation   Hex/Ice        5%         N/A       86%         5
 Yara's Violent Unravell  Hex/Tmut       5%         3d4       86%         5
 Iskenderun's Mystic Bla  Conj/Tloc      1%         2d3       88%         4
 Petrify                  Tmut/Erth      1%         N/A       88%         4


Dungeon Overview and Level Annotations

Branches:
Dungeon (3/15)

Altars:
Dithmenos


Innate Abilities, Weirdness & Mutations

Your natural rate of healing is accelerated.
You have razor-sharp teeth.
You have supernaturally acute eyesight. (SInv)
You are afflicted with vampirism and can become a bat while bloodless.


Message History

An adder is nearby!
An adder is nearby!
The adder closely misses you.
You closely miss the adder. The adder bites you.
You closely miss the adder. The adder bites you.
You are poisoned.
The adder poisons you! The adder barely misses you.
You hit the adder.
The adder seems to slow down.
You freeze the adder.
The adder is lightly wounded.
You feel sick.
Casting: Corona (safe; 1% risk of failure)
Confirm with . or Enter, or press ? or * to list all spells.
Aiming: Corona (safe; 1% risk of failure)
Press: ? - help, Shift-Dir - straight line, f - adder
Aim: an adder (lightly wounded, slow, chance to affect: 67%)
The adder is outlined in light.
You feel sick.
The adder is no longer moving slowly.
The adder bites you.
You hit the adder. You freeze the adder. Your bite misses the adder.
The adder is moderately wounded.
You feel sick. The adder bites you.
* * * LOW HITPOINT WARNING * * *
The adder bites you but does no damage.
You barely miss the adder.
The adder is moderately wounded.
You feel sick. The adder barely misses you.
You hit the adder.
The adder seems to slow down.
You freeze the adder.
The adder is severely wounded.
You feel sick. The adder bites you.
* * * LOW HITPOINT WARNING * * *
You hit the adder but do no damage.
The adder is severely wounded.
You feel sick.
You are no longer poisoned.
You closely miss the adder.
The adder is severely wounded.
The adder closely misses you.
You hit the adder. You freeze the adder.
The adder is almost dead.
The adder bites you.
You die...

#.#####..........)#.#.
#######.###.#.#.#. #..
.........#.#. #.#
###.#####.#... #.# #.#
#.#.#. #.# #.# #.###.
#.# #.# #.# #. # #S#
#.# #.# #.
#.###@#####.# #.# #.
#...........### #.###.
##............# #.....
##.##.#####.#.########
#.....†...#.#.........
##.#.............#####
# #.####.####.### #.#
#.# #.# #.# #.# #.#


You could see an adder (slow, corona).

Vanquished Creatures
  3 worms (D:2)
  2 dart slugs
  5 bats
  2 endoplasms (D:1)
  4 giant cockroaches (D:1)
  2 goblins
  4 hobgoblins
  2 jackals (D:2)
  3 quokkas
  A ball python (D:1)
  4 frilled lizards
  5 kobolds
  17 rats
54 creatures vanquished.

Notes
Turn   | Place    | Note
-------+----------+-------------------------------------------
     0 | D:1      | karrick the Vampire Enchanter began the quest for the Orb.
     0 | D:1      | Reached XP level 1. HP: 13/13 MP: 3/3
   114 | D:1      | Found a faded altar of an unknown god.
   284 | D:1      | Reached XP level 2. HP: 19/19 MP: 5/5
   424 | D:1      | Reached skill level 5 in Hexes
   622 | D:1      | Reached skill level 5 in Stealth
   814 | D:2      | Gained mutation: You are afflicted with vampirism and can
                  | become a bat while bloodless. [Vampire growth]
   814 | D:2      | Reached XP level 3. HP: 16/24 MP: 6/6
  1127 | D:2      | Found a shadowy altar of Dithmenos.
  1693 | D:3      | Reached skill level 6 in Stealth
  1713 | D:3      | Slain by an adder

Illustrated notes

Levels and vault maps discovered:
D:1:      dpeg_arrival_castle, layout_basic, chequers_ecumenical_altar_simple
D:2:      layout_rooms, basic_altar, minmay_rat_gold_closets
D:3:      layout_basic, biasface_ghost_orc_armoury

Skill      XL: |  1  2  3 |
---------------+----------+-----
Hexes          | 5 |  5.4
Stealth        | 5 6 |  6.0
Short Blades   | |  1.3
Dodging        | |  2.4
Spellcasting   | |  2.1

Action                   || total
-------------------------++-------
Melee: Dagger            ||   165
       Bite              ||    11
 Cast: Corona            ||     4
 Stab: Sleeping          ||    25
Armor: Robe              ||    14
Dodge: Dodged            ||    73

Table legend: (Time is in decaauts)
 A = Elapsed time spent in this place.
 B = Non-inter-level travel time spent in this place.
 C = Inter-level travel time spent in this place.
 D = Time resting spent in this place.
 E = Time spent auto-exploring this place.
 F = Levels seen in this place.
 G = Mean time per level.
                   A        B        C        D        E       F      G
               +--------+--------+--------+--------+--------+-----+--------+
         Total |   1705 |   1671 |     34 |      0 |   1301 |   3 |  568.3 |
       Dungeon |   1705 |   1671 |     34 |      0 |   1301 |   3 |  568.3 |
               +--------+--------+--------+--------+--------+-----+--------+

Top non-repeatable levels by time:
     D:1: 787 daAuts
     D:2: 545 daAuts
     D:3: 372 daAuts
